 Seeded DCSS version 0.29-a0-96-g93358da72b (webtiles) character file.

Game seed: 20220210 (custom seed)

2739 a11behringer the Basher (level 9, -8/118 HPs)
             Began as a Minotaur Berserker on Feb 12, 2022.
             Was a Believer of Trog.
             Mangled by a small abomination (12 damage)
             ... on level 1 of the Abyss.
             The game lasted 00:17:10 (6516 turns).

a11behringer the Basher (Minotaur Berserker)        Turns: 6516, Time: 00:17:11

Health: -8/118     AC: 16    Str: 31      XL:     9   Next: 40%
Magic:  4/8        EV: 11    Int:  2 (4)  God:    Trog [**....]
Gold:   272        SH:  0    Dex: 14      Spells: 8/8 levels left

rFire   . . .      SeeInvis .   D - +2 whip (freeze)
rCold   . . .      Faith    .   (no shield)
rNeg    . . .      Spirit   .   m - +0 chain mail
rPois   +          Reflect  .   (helmet restricted)
rElec   +          Harm     .   (no cloak)
rCorr   .          Rampage  .   (no gloves)
Will    ++...                   E - +0 pair of boots
Stlth   ..........              k - amulet of magic regeneration
HPRegen 1.29/turn               e - ring of Toemivvi {rElec rPois Str+5 Dex+6}
MPRegen 0.51/turn               u - +4 ring of protection

@: berserking, strong-willed (expiring), regenerating (expiring), very quick
A: horns 2, retaliatory headbutt, clumsy 1
a: Renounce Religion, Berserk, Trog's Hand


You were on level 1 of the Abyss.
You worshipped Trog.
Trog was pleased with you.
You visited 1 branch of the dungeon, and saw 6 of its levels.
You visited the Abyss 1 time.

You collected 272 gold pieces.

Inventory:

Hand Weapons
 a - a +0 mace
 f - a +0 flail
 q - a +0 morningstar
 s - a +0 shortbow
 z - the +1 war axe of Makhleb's Castigation {vorpal, rElec Dex+2}
   (You found it on level 4 of the Dungeon)

   It inflicts extra damage upon your enemies.
   Dex:       It affects your dexterity (+2).
   rElec:     It insulates you from electricity.
 B - a +0 mace of protection
 D - a +2 whip of freezing (weapon)
Missiles
 c - 45 bolts
 l - 127 arrows
 o - 75 sling bullets
Armour
 b - a +0 animal skin
 m - a +0 chain mail (worn)
 E - a +0 pair of boots (worn)
Jewellery
 e - the ring of Toemivvi (left hand) {rElec rPois Str+5 Dex+6}
   (You acquired it on level 4 of the Dungeon)

   [ring of dexterity]

   Str:       It affects your strength (+5).
   Dex:       It affects your dexterity (+6).
   rElec:     It insulates you from electricity.
   rPois:     It protects you from poison.
 k - an amulet of magic regeneration (around neck)
 r - a ring of ice
 u - a +4 ring of protection (right hand)
Wands
 n - a wand of iceblast (12)
 p - a wand of flame (28)
 w - a wand of polymorph (10)
Scrolls
 i - 2 scrolls of teleportation
 t - a scroll of blinking {unknown}
 A - a scroll of magic mapping {unknown}
 C - 2 scrolls of amnesia
Potions
 d - 3 potions of mutation
 g - a potion of degeneration
 h - a potion of haste
 j - a potion of lignification {unknown}
 v - a potion of cancellation
 x - 3 potions of curing


   Skills:
 + Level 7.1 Fighting
 * Level 11.9 Maces & Flails
 + Level 7.9 Armour
 + Level 4.2 Dodging


You had 8 spell levels left.
You didn't know any spells.
Your spell library was empty.

Dungeon Overview and Level Annotations

Branches:
Dungeon (6/15)
 Temple: D:4-7

Altars:
Elyvilon
Makhleb

Annotations:
D:6 Maggie


Innate Abilities, Weirdness & Mutations

You have a pair of horns on your head.
You reflexively headbutt those who attack you in melee.
You are clumsy. (Dex -2)


Message History

You punch the purple draconian shifter!
The purple draconian shifter is moderately wounded.
The purple draconian shifter breathes dispelling energy at you.
The bolt of dispelling energy hits you!!!
* * * LOW HITPOINT WARNING * * *
You closely miss the purple draconian shifter.
The purple draconian shifter is moderately wounded.
You feel the effects of Trog's Hand fading.
You barely miss the purple draconian shifter.
Your headbutt misses the purple draconian shifter.
The purple draconian shifter is moderately wounded.
The small abomination closely misses you.
You whack the purple draconian shifter!
You freeze the purple draconian shifter!
The purple draconian shifter is heavily wounded.
You barely miss the purple draconian shifter.
Your headbutt misses the purple draconian shifter.
The purple draconian shifter is heavily wounded.
You hit the purple draconian shifter but do no damage.
The purple draconian shifter is heavily wounded.
The small abomination hits you but does no damage.
The purple draconian shifter hits you but does no damage.
A raiju comes into view.
You closely miss the purple draconian shifter.
The raiju barks!
Your headbutt misses the purple draconian shifter.
The purple draconian shifter is heavily wounded.
You hear a bark! x2
The purple draconian shifter is no longer moving slowly.
You hear a bark!
You hit the purple draconian shifter.
The purple draconian shifter seems to slow down.
You freeze the purple draconian shifter.
Your punch misses the purple draconian shifter.
The purple draconian shifter is heavily wounded.
You barely miss the purple draconian shifter.
Your headbutt misses the purple draconian shifter.
The purple draconian shifter is heavily wounded.
The small abomination hits you!
You die...

. ...... .. ..
..... ....... ..
... . #.... . #
#.. ##...# # ##
.. ..#.....#....#
#....
......h....#
.#### ... .###.#
# .## # .#
##.#.## . . .
..#...@x# .# .
.#..##.##q.......
#### ## #.#..
{###.#.## ## ...
### ... .#
#.##.#..# ....# .
. .#.# .. #..
..##. # .#. #. .
# ..# #.# # ..
###


You could see a purple draconian shifter (slow, catching breath), a raiju and a
small abomination.

Vanquished Creatures
  Pikel (D:5)
  Prince Ribbit (D:5)
  A neqoxec (Abyss:1)
  Duvessa (D:6)
  A water moccasin (D:5)
  2 black bears
  4 sky beasts
  4 centaurs
  An ogre (D:5)
  4 lemures (D:5)
  4 scorpions
  2 water moccasin zombies (D:5)
  A water moccasin skeleton (D:5)
  Dowan (D:6)
  A centaur zombie (D:5)
  A hound (D:5)
  A bullfrog skeleton (D:5)
  An iguana (D:6)
  Ijyb (D:5)
  Terence (D:3)
  Natasha (thrice) (D:2)
  An orc wizard (D:2)
  2 howler monkey zombies (D:5)
  5 gnolls
  5 adders
  A white imp (D:5)
  An adder skeleton (D:4)
  A worm (D:3)
  2 dart slugs (D:3)
  9 orcs
  7 endoplasms
  3 giant cockroaches
  10 goblins
  7 hobgoblins
  4 quokkas
  4 ball pythons
  9 bats
  2 frilled lizards
  6 kobolds
  4 rats
120 creatures vanquished.

Vanquished Creatures (others)
  A vampire (Abyss:1)
1 creature vanquished.

Grand Total: 121 creatures vanquished

Notes
Turn   | Place    | Note
-------+----------+-------------------------------------------
     0 | D:1      | a11behringer the Minotaur Berserker began the quest for the
                  | Orb.
     0 | D:1      | Reached XP level 1. HP: 19/19 MP: 0/0
   381 | D:1      | Reached skill level 4 in Maces & Flails
   382 | D:1      | Reached XP level 2. HP: 27/27 MP: 1/1
   757 | D:1      | Reached XP level 3. HP: 33/33 MP: 2/2
  1412 | D:2      | Noticed Natasha
  1420 | D:2      | Killed Natasha
  1421 | D:2      | Reached skill level 5 in Maces & Flails
  1421 | D:2      | Reached XP level 4. HP: 25/41 MP: 3/3
  1458 | D:2      | Reached ** piety under Trog
  1918 | D:2      | Noticed Natasha
  1924 | D:2      | Killed Natasha
  2084 | D:2      | Noticed Natasha
  2090 | D:2      | Killed Natasha
  2493 | D:3      | Noticed a centaur
  2530 | D:2      | Reached XP level 5. HP: 16/30 MP: 4/4
  2681 | D:3      | Killed a centaur
  2682 | D:3      | Reached skill level 6 in Maces & Flails
  2894 | D:3      | Found a faded altar of an unknown god.
  3034 | D:3      | Noticed Terence
  3041 | D:3      | Killed Terence
  3042 | D:3      | Reached XP level 6. HP: 49/49 MP: 5/5
  3919 | D:4      | Found a burning altar of Makhleb.
  4027 | D:4      | Identified a scroll of acquirement
  4027 | D:4      | Acquired the ring of Toemivvi {rElec rPois Str+5 Dex+6}
  4342 | D:4      | Identified the +1 war axe of Makhleb's Castigation {vorpal,
                  | rElec Dex+2}
  4447 | D:5      | Entered Level 5 of the Dungeon
  4456 | D:5      | Reached skill level 7 in Maces & Flails
  4471 | D:5      | Reached skill level 5 in Fighting
  4489 | D:5      | Noticed a sky beast
  4497 | D:5      | Killed a sky beast
  4498 | D:5      | Reached XP level 7. HP: 23/61 MP: 6/6
  4520 | D:5      | Noticed Ijyb
  4527 | D:5      | Noticed Prince Ribbit
  4530 | D:5      | Reached skill level 8 in Maces & Flails
  4538 | D:5      | Killed Ijyb
  4558 | D:4      | Reached skill level 5 in Armour
  4829 | D:5      | Killed Prince Ribbit
  4830 | D:5      | Reached skill level 9 in Maces & Flails
  4848 | D:5      | Reached XP level 8. HP: 35/70 MP: 7/7
  5130 | D:5      | Noticed Pikel
  5331 | D:5      | Killed Pikel
  5332 | D:5      | Reached skill level 10 in Maces & Flails
  5535 | D:5      | Reached XP level 9. HP: 72/78 MP: 8/8
  5538 | D:5      | Reached skill level 11 in Maces & Flails
  5646 | D:5      | Found a white marble altar of Elyvilon.
  6119 | D:6      | Noticed Duvessa
  6119 | D:6      | Noticed Dowan
  6126 | D:6      | Killed Duvessa
  6128 | D:6      | Killed Dowan
  6359 | D:6      | Noticed Maggie
  6366 | D:6      | Cast into level 1 of the Abyss (Maggie)
  6366 | Abyss:1  | Found a corrupted altar of Lugonu.
  6430 | Abyss:1  | Gained mutation: You are clumsy. (Dex -2) [a neqoxec]
  6489 | Abyss:1  | Noticed an orc sorcerer
  6489 | Abyss:1  | Noticed a worldbinder
  6493 | Abyss:1  | Noticed a purple draconian shifter
  6508 | Abyss:1  | HP: 1/118 [purple draconian shifter/bolt of dispelling
                  | energy (37)]
  6516 | Abyss:1  | Mangled by a small abomination

Illustrated notes

Levels and vault maps discovered:
D:1:      dpeg_arrival_morbid_curiosity, layout_basic
D:2:      minmay_general_purpose_star, layout_loops_ring, minmay_distorted,
          uniq_natasha
D:3:      layout_basic, hellmonk_ecumenical_altar_leap_of_faith, uniq_terence
D:4:      layout_layer_cave, mainiacjoe_overflow_24_doors
D:5:      nicolae_cairo_tiling_large_dashed, layout_basic, elyvilon_altar_3,
          minmay_increasing_density, uniq_pikel, uniq_ijyb, uniq_prince_ribbit1
D:6:      layout_rooms, nicolae_concentric_dashed_squares_mild, uniq_duvessa,
          uniq_maggie
Abyss:1:  base:
D:2

Skill      XL: |  1  2  3  4  5  6  7  8  9 |
---------------+----------------------------+-----
Maces & Flails | 4 5 6 7 9 10 11 | 11.9
Fighting       | 4 5 6 7 |  7.1
Armour         | 3 4 5 7 |  7.9
Dodging        | 3 4 |  4.2

Action                   |  1- 3 |  4- 6 |  7- 9 || total
-------------------------+-------+-------+-------++-------
Melee: Mace              |    66 |   114 |   111 ||   291
       Headbutt          |    10 |    10 |    45 ||    65
       Punch             |       |     2 |     4 ||     6
       Whip              |       |       |    95 ||    95
Invok: Berserk           |     3 |     3 |     7 ||    13
       Trog's Hand       |       |     2 |     7 ||     9
  Use: Scroll            |       |     4 |     4 ||     8
       Potion            |       |       |     2 ||     2
 Stab: Sleeping          |     1 |       |       ||     1
Armor: Animal skin       |    17 |       |       ||    17
       Chain mail        |       |    73 |   133 ||   206
Dodge: Dodged            |    44 |    51 |   109 ||   204

Table legend: (Time is in decaauts)
 A = Elapsed time spent in this place.
 B = Non-inter-level travel time spent in this place.
 C = Inter-level travel time spent in this place.
 D = Time resting spent in this place.
 E = Time spent auto-exploring this place.
 F = Levels seen in this place.
 G = Mean time per level.
                   A        B        C        D        E       F      G
               +--------+--------+--------+--------+--------+-----+--------+
         Total |   6608 |   6068 |    540 |    100 |   4968 |   7 |  944.0 |
       Dungeon |   6461 |   5921 |    540 |    100 |   4968 |   6 | 1076.8 |
         Abyss |    147 |    147 |      0 |      0 |      0 |   1 |  147.0 |
               +--------+--------+--------+--------+--------+-----+--------+

Top non-repeatable levels by time:
     D:5: 1442 daAuts
     D:1: 1442 daAuts
     D:2: 1265 daAuts
     D:3: 1035 daAuts
     D:4: 1026 daAuts
     D:6: 248 daAuts
 Abyss:1: 147 daAuts
